[Event "*** SCC Grand Prix: Titled Tuesday Blitz"]
[Site "Chess.com"]
[Date "2020.07.14"]
[Round "8"]
[White "vesalhamedinia"]
[Black "Juanovic"]
[Result "0-1"]
[WhiteElo "2178"]
[BlackElo "2102"]
[TimeControl "180+1"]
[EndTime "11:39:18 PDT"]
[Termination "Juanovic won by checkmate"]

1. d4 Nf6 2. c4 g6 3. Nc3 Bg7 4. h3 O-O 5. e4 d6 6. Be3 Nc6 7. Nf3 e5 8. d5 Ne7 9. Bd3 a5 10. a3 b6 11. Nd2 Nh5 12. O-O Nf4 13.
Bxf4 exf4 14. Ne2 Bxb2 15. Ra2 Be5 16. Nf3 f6 17. Qc1 g5 18. Nfd4 Bd7 19. Bc2 Qe8 20.
Qd1 Qh5 21. Qd2 Kh8 22. Bd1 Qh4 23. Nf3 Qh6 24. Nh2 Qg7 25. Nd4 f5 26. exf5 Bxd4 27. f6 Bxf6 28. Bh5 Be5 29. Re1 Ng6 30. Bf3 Rae8 31. Be4 Bf5 32. Bxf5 Rxf5 33. Ng4 h5 34. Nh2 Rf7 35. Qd3 Rfe7 36. Rd1 Bf6 37. Nf3 g4 38. hxg4 hxg4 39. Nh2 Re1+ 40. Rxe1 Rxe1+ 41. Nf1 Bd4 42. Qf5 Re8 43. Qh5+ Kg8 44. Qxg4 Rf8 45. Qf3 Ne5 46. Qe4 Nxc4 47. Rc2 b5 48. a4 Na3 49.
Rd2 Be5 50. axb5 Nxb5 51. Rd3 Nc3 52. Qf3 Nb5 53. Rb3 Nd4 54. Qd3 Nxb3 55. Qxb3 Qh6 56.
Qf3 Rf7 57. Qg4+ Rg7 58. Qc8+ Kh7 59. Qf5+ Qg6 60. Qh3+ Kg8 61. Qc8+ Kh7 62. Qh3+ Qh6 63. Qf5+ Rg6 64. Qf7+ Qg7 65. Qf5 Kh6 66. Qh3+ Kg5 67. Nd2 Rh6 68. Ne4+ Kg6 69. Qe6+ Kh7 70. Qf5+ Rg6 71. Qh3+ Kg8 72. Qc8+ Qf8 73. Qh3 Rg7 74. f3 Qf7 75. Qh4 Qxd5 76. Qd8+ Kh7 77. Qh4+ Kg8 78. Qd8+ Kf7 79. Qxc7+ Kg6 80. Qc8 Qf7 81. Qg4+ Kh7 82.
Qh4+ Kg8 83. Qd8+ Qf8 84. Qxa5 Qf5 85. Qd5+ Kh7 86. Qc6 Qh5 87. Qc2 Qh4 88. Nf6+ Kh6 89. Ng4+ Rxg4 90. fxg4 Qxg4 91. Qc7 Bd4+ 92. Kf1 Qd1# 0-1

[Event "*** SCC Grand Prix: Titled Tuesday Blitz"]
[Site "Chess.com"]
[Date "2020.07.14"]
[Round "8"]
[White "Harsha_Bharathakoti"]
[Black "EvgenyT"]
[Result "0-1"]
[WhiteElo "2778"]
[BlackElo "2915"]
[TimeControl "180+1"]
[EndTime "11:39:38 PDT"]
[Termination "EvgenyT won on time"]

1. d4 Nf6 2. c4 e6 3. Nf3 b6 4. g3 Bb7 5. Bg2 Be7 6. O-O O-O 7. Nc3 Ne4 8. Bd2 d6 9. Re1 Nd7 10. Qc2 Nxd2 11. Qxd2 g6 12. e4 Bf6 13. h4 Bg7 14. Rad1 Qe7 15. h5 a6 16. a3 Rad8 17. Bh3 Nf6 18. hxg6 hxg6 19. Bg2 Rfe8 20. Qg5 Nh7 21. Qe3 Nf6 22. Qg5 c5 23. d5 exd5 24. exd5 Qf8 25. Bh3 Rxe1+ 26. Rxe1 Re8 27. Rxe8 Qxe8 28.
Qf4 Qe7 29. Nd2 Nh5 30. Qe4 Kf8 31. Bg2 Nf6 32. Qxe7+ Kxe7 33. Kf1 Bc8 34. Ke2 Bd7 35. Bf3 b5 36. b3 Ng4 37. Nd1 Ne5 38. Be4 f5 39.
Bc2 g5 40. f4 gxf4 41. gxf4 Ng6 42. Ne3 Kf6 43. Ng2 Bh6 44. Kf3 Ne7 45. Nf1 bxc4 46.
bxc4 Ng6 47. Nfe3 Bc8 48. Ba4 Ne7 49. Nh4 Ng6 50. Nxg6 Kxg6 51. Be8+ Kf6 52. Bc6 Ke7 53. Ba4 Bg7 54. Bc2 Kf6 55. Ba4 Kg6 56. Be8+ Kf6 57.
Bc6 Bh8 58. Ba4 Kf7 59. Bc2 Kg6 60. Kg3 Bb2 61. Kf3 Bxa3 62. Ba4 Bc1 63. Ng2 Kf6 64.
Ne1 Bd2 65. Nd3 Ke7 66. Ke2 Bc3 67. Kd1 Bd4 68. Kc2 Kf6 69. Kd2 Kg6 70. Be8+ Kg7 71. Ke2 Kf8 72. Ba4 Ke7 73. Kd2 Kf6 74. Ke2 Bc3 75. Kd1 Ba1 76. Kd2 Bd4 77. Ke2 Kg6 78. Be8+ Kh6 79. Kd2 a5 80. Ke2 Ba6 81. Bb5 Bc8 82. Kf3 Kh5 83. Kg3 Bc3 84. Be8+ Kh6 85. Kf3 Kg7 86. Bb5 Kf8 87. Ke2 Ke7 88.
Kd1 Bd7 89. Bxd7 Kxd7 90. Kc2 Bd4 91. Kb3 Kc7 92. Ka4 Kb6 93. Kb3 Be3 94. Ka4 Bd2 95.
Kb3 Ka6 96. Ka4 Kb7 97. Kb5 Bc3 98. Nf2 Bd2 99. Nh3 Bc3 100. Ng1 Bd2 101. Ne2 Kc7 102. Ng3 Bxf4 103. Nxf5 Bd2 104. Ng7 Bb4 105. Ne6+ Kd7 106. Nf4 Ke7 0-1

[Event "*** SCC Grand Prix: Titled Tuesday Blitz"]
[Site "Chess.com"]
[Date "2020.07.14"]
[Round "9"]
[White "Ermito2020"]
[Black "otrov-11"]
[Result "1-0"]
[WhiteElo "2515"]
[BlackElo "2365"]
[TimeControl "180+1"]
[EndTime "11:42:06 PDT"]
[Termination "Ermito2020 won by resignation"]

1. e4 e6 2. d4 d5 3. Nc3 Bb4 4.
e5 c5 5. a3 Bxc3+ 6. bxc3 Ne7 7. Qg4 Qc7 8. Qxg7 Rg8 9. Qxh7 cxd4 10.
Ne2 Nbc6 11. f4 dxc3 12. h4 Bd7 13. h5 O-O-O 14. Qd3 d4 15. h6 a6 16. h7 Rg6 17.
h8=Q Rxh8 18. Rxh8+ Nd8 19. Nxd4 1-0

[Event "*** SCC Grand Prix: Titled Tuesday Blitz"]
[Site "Chess.com"]
[Date "2020.07.14"]
[Round "9"]
[White "Josip_buje"]
[Black "JesseKraai"]
[Result "1-0"]
[WhiteElo "2314"]
[BlackElo "2436"]
[TimeControl "180+1"]
[EndTime "11:42:32 PDT"]
[Termination "Josip_buje won by resignation"]

1. d4 e6 2. Nf3 Nf6 3. Bg5 h6 4. Bh4 d5 5. e3 c5 6. c3 Nc6 7. Nbd2 Bd7 8. Bd3 g5 9. Bg3 Nh5 10. Be5 Nxe5 11. Nxe5 Nf6 12. O-O Bd6 13. f4 gxf4 14. Rxf4 Bxe5 15. dxe5 Ng8 16. Qh5 Qe7 17. Rxf7 1-0

[Event "*** SCC Grand Prix: Titled Tuesday Blitz"]
[Site "Chess.com"]
[Date "2020.07.14"]
[Round "9"]
[White "TimKett"]
[Black "saraswathii"]
[Result "1-0"]
[WhiteElo "2173"]
[BlackElo "2322"]
[TimeControl "180+1"]
[EndTime "11:42:38 PDT"]
[Termination "TimKett won by resignation"]

1. e4 c5 2. Nf3 Nc6 3. d4 cxd4 4. Nxd4 e6 5. Nc3 Nf6 6. Nxc6 bxc6 7. Bd3 Bb4 8. O-O d5 9. e5 Nd7 10. Bf4 O-O 11. Qh5 g6 12. Qh6 Re8 13. Rfe1 Bf8 14.
Qh3 f6 15. exf6 e5 16. f7+ 1-0

[Event "*** SCC Grand Prix: Titled Tuesday Blitz"]
[Site "Chess.com"]
[Date "2020.07.14"]
[Round "9"]
[White "Angel_Hranitel_37"]
[Black "iaraldinho"]
[Result "1-0"]
[WhiteElo "2424"]
[BlackElo "2527"]
[TimeControl "180+1"]
[EndTime "11:42:48 PDT"]
[Termination "Angel_Hranitel_37 won by resignation"]

1. d4 f5 2. g3 Nf6 3. Bg2 g6 4. Nf3 Bg7 5. O-O O-O 6. c4 d6 7. Nc3 Qe8 8. Re1 Qf7 9. e4 Nxe4 10. Nxe4 fxe4 11. Rxe4 Qxc4 12. Rxe7 Bg4 13. Ne5 dxe5 14.
Qxg4 Nc6 15. Rxc7 exd4 16. Qd7 Rf7 17. Bd5 Qxd5 18. Qxd5 1-0

[Event "*** SCC Grand Prix: Titled Tuesday Blitz"]
[Site "Chess.com"]
[Date "2020.07.14"]
[Round "9"]
[White "elohunter1999"]
[Black "SGchess01"]
[Result "1-0"]
[WhiteElo "2485"]
[BlackElo "2617"]
[TimeControl "180+1"]
[EndTime "11:43:09 PDT"]
[Termination "elohunter1999 won by resignation"]

1. e4 Nf6 2. e5 Nd5 3. d4 d6 4. Nf3 Nb6 5. a4 a5 6. Nc3 g6 7. h4 Bg4 8. h5 gxh5 9. Be2 Nc6 10. Ng5 Bxe2 11. Qxe2 Nxd4 12. Qxh5 Nxc2+ 13. Kd1 Nxa1 14. e6 Qb8 15. Nxf7 c6 16. Nxd6+ Kd8 17. Qe8+ Kc7 18. Ncb5+ 1-0

[Event "*** SCC Grand Prix: Titled Tuesday Blitz"]
[Site "Chess.com"]
[Date "2020.07.14"]
[Round "9"]
[White "MergenKakabaev"]
[Black "Angry_Twin"]
[Result "0-1"]
[WhiteElo "2429"]
[BlackElo "2743"]
[TimeControl "180+1"]
[EndTime "11:43:10 PDT"]
[Termination "Angry_Twin won by resignation"]

1. e4 e6 2. d4 d5 3. e5 c5 4. c3 Nc6 5. Nf3 Qb6 6. a3 Bd7 7. b4 cxd4 8. cxd4 Nge7 9. Bd3 Nxd4 10. Bb2 Nxf3+ 11. Qxf3 Ng6 12. O-O Be7 13. Nd2 O-O 14. g3 f6 15. Qh5 fxe5 16. Bxe5 Be8 17. Nf3 Bf6 18. Ng5 Bxg5 19. Qxg5 Rc8 20. Bxg6 Bxg6 21.
Rac1 Rxc1 22. Qxc1 Bd3 23. Qg5 Rf7 0-1

[Event "*** SCC Grand Prix: Titled Tuesday Blitz"]
[Site "Chess.com"]
[Date "2020.07.14"]
[Round "9"]
[White "CroissantNeuf"]
[Black "vovachesss"]
[Result "1-0"]
[WhiteElo "2422"]
[BlackElo "2583"]
[TimeControl "180+1"]
[EndTime "11:43:12 PDT"]
[Termination "CroissantNeuf won by resignation"]

1. e4 d5 2. exd5 c6 3. dxc6 Nf6 4. cxb7 Bxb7 5. d4 Nbd7 6. Nf3 e6 7. Be2 Bd6 8. O-O O-O 9. c4 Qc7 10. h3 Rab8 11. Nc3 a6 12. c5 Bf4 13. Bxf4 Qxf4 14.
Qd2 Qf5 15. Rab1 Rfd8 16. b4 e5 17. d5 e4 18. Nd4 Qe5 19. c6 1-0

[Event "*** SCC Grand Prix: Titled Tuesday Blitz"]
[Site "Chess.com"]
[Date "2020.07.14"]
[Round "9"]
[White "mamey78"]
[Black "tsvet2005"]
[Result "1/2-1/2"]
[WhiteElo "2447"]
[BlackElo "2591"]
[TimeControl "180+1"]
[EndTime "11:43:16 PDT"]
[Termination "Game drawn by repetition"]

1. e4 c5 2. Nf3 d6 3. d4 cxd4 4. Nxd4 Nf6 5. Nc3 a6 6. Bg5 Nbd7 7. Qe2 h6 8. Bh4 g6 9. f4 e5 10. fxe5 dxe5 11. O-O-O Qc7 12. Nb3 b5 13. Rxd7 Nxd7 14. Nd5 Qb8 15. Na5 Bb7 16. Qf3 Bg7 17.
Qa3 Bf8 18. Qf3 Bg7 19. Qa3 Bf8 20. Qf3 1/2-1/2

[Event "*** SCC Grand Prix: Titled Tuesday Blitz"]
[Site "Chess.com"]
[Date "2020.07.14"]
[Round "9"]
[White "Tsyhanchuk_Stanislav"]
[Black "KingChess345"]
[Result "0-1"]
[WhiteElo "2397"]
[BlackElo "2168"]
[TimeControl "180+1"]
[EndTime "11:43:28 PDT"]
[Termination "KingChess345 won by resignation"]

1. d4 Nf6 2. c4 e6 3. Nc3 Bb4 4. Nf3 b6 5. e3 Ne4 6. Qc2 Bb7 7. Bd3 f5 8. O-O Bxc3 9. bxc3 O-O 10. c5 bxc5 11. Ba3 Rf6 12. Rab1 Ba6 13. Bxe4 fxe4 14. Qxe4 Nc6 15. Rfd1 Be2 16. Rd2 d5 17. Qh4 Bxf3 18. gxf3 Rg6+ 0-1

[Event "*** SCC Grand Prix: Titled Tuesday Blitz"]
[Site "Chess.com"]
[Date "2020.07.14"]
[Round "9"]
[White "Shushik"]
[Black "Margarita2907"]
[Result "1-0"]
[WhiteElo "2209"]
[BlackElo "2078"]
[TimeControl "180+1"]
[EndTime "11:43:28 PDT"]
[Termination "Shushik won by resignation"]

1. e4 c5 2. Ne2 d6 3. g3 Nf6 4.
Bg2 g6 5. c3 Bg7 6. d4 cxd4 7.
cxd4 O-O 8. Nbc3 a6 9. O-O Nc6 10. f4 Ne8 11. Be3 e6 12. Rc1 f5 13. e5 dxe5 14.
dxe5 Nc7 15. Bb6 Qe7 16. Qd6 Nb5 17. Nxb5 axb5 18. Rxc6 Qf7 19. Rc7 Qe8 20. Re7 1-0

[Event "*** SCC Grand Prix: Titled Tuesday Blitz"]
[Site "Chess.com"]
[Date "2020.07.14"]
[Round "9"]
[White "crescentmoon2411"]
[Black "keepitcool9499"]
[Result "1-0"]
[WhiteElo "2835"]
[BlackElo "2559"]
[TimeControl "180+1"]
[EndTime "11:43:31 PDT"]
[Termination "crescentmoon2411 won by checkmate"]

1. c4 e6 2. Nc3 d5 3. cxd5 exd5 4. d4 Nf6 5. Bf4 Be7 6. e3 c6 7. Bd3 O-O 8. Nge2 Bg4 9. h3 Bh5 10. g4 Bg6 11. Bxg6 hxg6 12. Ng3 Bd6 13. Bxd6 Qxd6 14. g5 Nfd7 15. h4 Re8 16. h5 Rxe3+ 17. fxe3 Qxg3+ 18. Kd2 Qxg5 19. hxg6 fxg6 20. Qf3 Nf6 21. Qh3 Kf7 22. Raf1 Na6 23. Qd7+ Kg8 24. Qe6+ Kf8 25. Rh8# 1-0

[Event "*** SCC Grand Prix: Titled Tuesday Blitz"]
[Site "Chess.com"]
[Date "2020.07.14"]
[Round "9"]
[White "Tash_Boy"]
[Black "Iustin106"]
[Result "1-0"]
[WhiteElo "2677"]
[BlackElo "2364"]
[TimeControl "180+1"]
[EndTime "11:43:41 PDT"]
[Termination "Tash_Boy won by resignation"]

1. e4 c5 2. Nf3 d6 3. d4 cxd4 4. Nxd4 Nf6 5. Nc3 a6 6. Bg5 Nbd7 7. Qe2 h6 8. Bd2 b5 9. a3 Bb7 10. O-O-O Qc7 11. h4 e6 12. Rh3 Nc5 13. f3 Be7 14. g4 Nfd7 15. g5 hxg5 16. hxg5 Rxh3 17. Bxh3 g6 18.
Kb1 O-O-O 19. f4 Rh8 20. Bg4 Kb8 21. f5 exf5 22. exf5 Ne5 23. f6 Bd8 24. Bf4 Rh4 25. Bxe5 dxe5 26. Ndxb5 axb5 27. Nxb5 Qb6 28. Qxe5+ Bc7 29.
Qe8+ 1-0

[Event "*** SCC Grand Prix: Titled Tuesday Blitz"]
[Site "Chess.com"]
[Date "2020.07.14"]
[Round "9"]
[White "StephenDedalus83"]
[Black "Kildepiotr"]
[Result "1-0"]
[WhiteElo "2812"]
[BlackElo "2602"]
[TimeControl "180+1"]
[EndTime "11:43:51 PDT"]
[Termination "StephenDedalus83 won by resignation"]

1. e4 g6 2. d4 Bg7 3. Nc3 c6 4. h3 d6 5. Nf3 Nd7 6. a4 Ngf6 7. Bc4 e5 8. dxe5 dxe5 9. Qd6 Qe7 10. Qxe7+ Kxe7 11. b3 b6 12. Ba3+ c5 13. Ng5 Rf8 14. Nd5+ Nxd5 15. Bxd5 Rb8 16. Nxh7 Rh8 17. Ng5 f6 18. Ne6 Bh6 19. Nc7 f5 20. exf5 gxf5 21. Bc4 Nf6 22. Bb2 Bb7 23. Bxe5 Bxg2 24. Rg1 Bxh3 25.
Nd5+ Nxd5 26. Bxb8 Nc3 27. Be5 Rd8 28. Bxc3 1-0

[Event "*** SCC Grand Prix: Titled Tuesday Blitz"]
[Site "Chess.com"]
[Date "2020.07.14"]
[Round "9"]
[White "Barmen_EV"]
[Black "davidkalashian"]
[Result "1-0"]
[WhiteElo "2451"]
[BlackElo "2558"]
[TimeControl "180+1"]
[EndTime "11:43:53 PDT"]
[Termination "Barmen_EV won by resignation"]

1. d4 Nf6 2. c4 g6 3. Nc3 Bg7 4.
e4 d6 5. f4 c5 6. d5 O-O 7. Nf3 e6 8. Be2 exd5 9. cxd5 Re8 10. e5 dxe5 11. fxe5 Ng4 12. Bg5 Qb6 13. O-O Nxe5 14.
Nxe5 Bxe5 15. Bc4 Qxb2 16. d6 Be6 17. Bxe6 Rxe6 18. Qf3 f5 19. Qd5 Kf7 20. Rab1 Bxc3 21. Rxb2 Bxb2 22. Qxb7+ Kg8 23. Qxa8 1-0

[Event "*** SCC Grand Prix: Titled Tuesday Blitz"]
[Site "Chess.com"]
[Date "2020.07.14"]
[Round "9"]
[White "Indianlad"]
[Black "TimofeevAr"]
[Result "1-0"]
[WhiteElo "2951"]
[BlackElo "2803"]
[TimeControl "180+1"]
[EndTime "11:43:57 PDT"]
[Termination "Indianlad won by resignation"]

1. e4 c5 2. Nc3 d6 3. f4 g6 4. Nf3 Bg7 5. Bc4 Nc6 6. O-O e6 7. d4 cxd4 8. Nb5 Nge7 9. Bb3 O-O 10. Nbxd4 Nxd4 11. Nxd4 Nc6 12. Be3 a6 13. c3 Na5 14.
Qd2 b5 15. f5 e5 16. Bd5 exd4 17. Bxd4 Nc4 18. Qf4 Ra7 19. f6 Bh8 20. Bxa7 1-0

[Event "*** SCC Grand Prix: Titled Tuesday Blitz"]
[Site "Chess.com"]
[Date "2020.07.14"]
[Round "9"]
[White "enzovsky"]
[Black "BogdanDeac"]
[Result "0-1"]
[WhiteElo "2546"]
[BlackElo "2808"]
[TimeControl "180+1"]
[EndTime "11:44:04 PDT"]
[Termination "BogdanDeac won by resignation"]

1. e4 c5 2. Nf3 d6 3. d4 cxd4 4. Nxd4 Nf6 5. Nc3 a6 6. Bg5 Nbd7 7. Qe2 h6 8. Bh4 g6 9. f4 e5 10. fxe5 dxe5 11. O-O-O Qc7 12. Nb3 b5 13. Nd5 Nxd5 14.
exd5 Bd6 15. Qd2 f5 16. g4 e4 17. Qg2 Ne5 18. gxf5 Bxf5 19. Nd4 Rc8 20. Bf6 Rf8 21.
Bxe5 Bxe5 22. Nxf5 gxf5 23. d6 Bxd6 24. Qg6+ Ke7 25. c3 Bf4+ 26. Kb1 Qc6 27. Qg7+ Rf7 28. Qd4 Qc5 29. Qd7+ Kf6 30. Bh3 Rxd7 31. Rxd7 0-1

[Event "*** SCC Grand Prix: Titled Tuesday Blitz"]
[Site "Chess.com"]
[Date "2020.07.14"]
[Round "9"]
[White "aNaartjieZA"]
[Black "okriak"]
[Result "0-1"]
[WhiteElo "2490"]
[BlackElo "2688"]
[TimeControl "180+1"]
[EndTime "11:44:14 PDT"]
[Termination "okriak won by resignation"]

1. e4 e6 2. d3 c5 3. Nf3 Nc6 4. g3 g6 5. Bg2 Bg7 6. O-O Nge7 7. Re1 d6 8. Nbd2 O-O 9. a4 e5 10.
c3 h6 11. Nf1 Kh7 12. Nh4 f5 13. exf5 Nxf5 14. Nxf5 Bxf5 15. f4 Qd7 16. Ne3 Bh3 17.
Bxh3 Qxh3 18. Qg4 Qxg4 19. Nxg4 h5 20. Nf2 exf4 21. Bxf4 Ne5 22. Bxe5 Bxe5 23. Ne4 b6 24. Rf1 Kg7 25. Kg2 Rae8 26. Rxf8 Rxf8 27. Rf1 d5 28.
Ng5 Rxf1 29. Kxf1 Kf6 30. Nf3 Bd6 31. Kf2 Kf5 32. Nh4+ Kf6 33. Nf3 g5 34. h3 Kf5 35.
Ng1 c4 36. dxc4 Bc5+ 37. Kg2 Bxg1 38. Kxg1 dxc4 39. Kf1 Ke4 40. Ke2 g4 0-1

[Event "*** SCC Grand Prix: Titled Tuesday Blitz"]
[Site "Chess.com"]
[Date "2020.07.14"]
[Round "9"]
[White "talaicito"]
[Black "denispopov"]
[Result "1-0"]
[WhiteElo "2182"]
[BlackElo "1784"]
[TimeControl "180+1"]
[EndTime "11:44:16 PDT"]
[Termination "talaicito won by resignation"]

1. d4 Nf6 2. Nc3 d5 3. Bf4 g6 4. e3 Bg7 5. h4 O-O 6. h5 Nxh5 7. Rxh5 gxh5 8. Qxh5 f5 9. Nf3 e6 10. Bd3 Qe8 11. Qh2 Nc6 12. O-O-O Nb4 13. Bb5 c6 14. Be2 Na6 15. Rh1 Qg6 16. g4 fxg4 17. Bd3 Qf6 18. Qxh7+ Kf7 19. Qh5+ Ke7 20. Bg5 gxf3 21. e4 Nb4 22. e5 Nxd3+ 23. cxd3 1-0

[Event "*** SCC Grand Prix: Titled Tuesday Blitz"]
[Site "Chess.com"]
[Date "2020.07.14"]
[Round "9"]
[White "Titus369"]
[Black "Xeniya2005"]
[Result "1-0"]
[WhiteElo "2529"]
[BlackElo "2393"]
[TimeControl "180+1"]
[EndTime "11:44:17 PDT"]
[Termination "Titus369 won by checkmate"]

1. e4 e6 2. d4 d5 3. Nd2 c5 4.
Ngf3 Nc6 5. exd5 Qxd5 6. Bc4 Qd8 7. O-O cxd4 8. Nb3 Nf6 9. Nbxd4 Nxd4 10. Nxd4 Be7 11. c3 O-O 12. Bf4 a6 13. a4 Bd7 14.
Qe2 Rc8 15. Rfd1 Re8 16. Nf3 Qa5 17. Ne5 Bc6 18. Nxf7 Kxf7 19. Qxe6+ Kf8 20. Qf7# 1-0

[Event "*** SCC Grand Prix: Titled Tuesday Blitz"]
[Site "Chess.com"]
[Date "2020.07.14"]
[Round "9"]
[White "TurboSteen"]
[Black "DrVitman"]
[Result "1-0"]
[WhiteElo "1982"]
[BlackElo "2441"]
[TimeControl "180+1"]
[EndTime "11:44:17 PDT"]
[Termination "TurboSteen won on time"]

1. e4 c5 2. Nc3 Nc6 3. Bb5 a6 4. Bxc6 dxc6 5. Nf3 g6 6. O-O Bg7 7. d3 e5 8. Be3 Qd6 9. Na4 c4 10. dxc4 Qxd1 11. Raxd1 Ne7 12. h3 Be6 13. b3 O-O 14. Ng5 1-0

[Event "*** SCC Grand Prix: Titled Tuesday Blitz"]
[Site "Chess.com"]
[Date "2020.07.14"]
[Round "9"]
[White "Rodalquilar"]
[Black "manmanlai1"]
[Result "1-0"]
[WhiteElo "2644"]
[BlackElo "2477"]
[TimeControl "180+1"]
[EndTime "11:44:22 PDT"]
[Termination "Rodalquilar won by resignation"]

1. d4 d5 2. c4 e6 3. Nc3 Nf6 4. cxd5 exd5 5. Bg5 Be7 6. e3 c6 7. Bd3 Nbd7 8. Bf4 Nb6 9. h3 Bd6 10. Nf3 Bxf4 11. exf4 Qe7+ 12. Ne5 Nfd7 13. O-O O-O 14. Re1 Qd6 15. Re3 Nxe5 16. fxe5 Qh6 17. Ne2 Be6 18.
f4 f5 19. a4 Nd7 20. a5 Rfc8 21. a6 b6 22. b4 Rc7 23. Qe1 Rac8 24. Qf2 Bf7 25. Bxf5 1-0

[Event "*** SCC Grand Prix: Titled Tuesday Blitz"]
[Site "Chess.com"]
[Date "2020.07.14"]
[Round "9"]
[White "SargissyanSargis"]
[Black "XxPetroffsxX"]
[Result "1-0"]
[WhiteElo "2304"]
[BlackElo "1971"]
[TimeControl "180+1"]
[EndTime "11:44:23 PDT"]
[Termination "SargissyanSargis won by resignation"]

1. e4 e5 2. Nf3 Nc6 3. Bb5 Nf6 4. d3 Bc5 5. Bxc6 dxc6 6. h3 Nd7 7. Nbd2 O-O 8. Nc4 Qe7 9. O-O a6 10. Ne3 Bxe3 11. Bxe3 g6 12. Bh6 Re8 13. Qd2 f6 14. Nh2 Nc5 15. f4 Ne6 16. fxe5 fxe5 17. Ng4 Nf4 18.
Bxf4 exf4 19. Qxf4 Rf8 20. Nf6+ Kg7 21. e5 Be6 22.
Rae1 Rad8 23. Qh4 h6 24. Nh5+ 1-0

[Event "*** SCC Grand Prix: Titled Tuesday Blitz"]
[Site "Chess.com"]
[Date "2020.07.14"]
[Round "9"]
[White "OnePeculiarConundrum"]
[Black "VladaSviridova"]
[Result "1-0"]
[WhiteElo "2333"]
[BlackElo "2118"]
[TimeControl "180+1"]
[EndTime "11:44:31 PDT"]
[Termination "OnePeculiarConundrum won by checkmate"]

1. e4 e6 2. d4 d5 3. e5 c5 4. c3 Qb6 5. Nf3 Nc6 6. a3 c4 7.
Nbd2 Na5 8. Be2 Bd7 9. O-O Ne7 10. Kh1 h6 11. Ng1 O-O-O 12. f4 Kb8 13. Rb1 Qc7 14. Ngf3 Nc8 15. Qe1 Ba4 16. Bd1 Nb3 17.
Nxb3 cxb3 18. Be2 Nb6 19. Be3 Nc4 20. Qf2 b6 21. Nd2 Be7 22. Nxc4 dxc4 23. f5 Bg5 24. Rbe1 exf5 25. Bxg5 hxg5 26. Qxf5 f6 27. Bf3 Rh6 28. Qe4 Kc8 29. e6 Qb8 30. h3 Rdh8 31. Bg4 Kd8 32. d5 Qd6 33. Qxc4 Be8 34. e7+ Qxe7 35. Qc8# 1-0

[Event "*** SCC Grand Prix: Titled Tuesday Blitz"]
[Site "Chess.com"]
[Date "2020.07.14"]
[Round "9"]
[White "Fighter008"]
[Black "GMNickPert"]
[Result "0-1"]
[WhiteElo "2527"]
[BlackElo "2696"]
[TimeControl "180+1"]
[EndTime "11:44:35 PDT"]
[Termination "GMNickPert won by checkmate"]

1. e4 c5 2. Nf3 Nc6 3. Bb5 g6 4. O-O Bg7 5. c3 Nf6 6. d4 d5 7. e5 Ne4 8. Nbd2 O-O 9. Re1 cxd4 10. cxd4 Qb6 11. Bxc6 Qxc6 12. Nb3 a5 13. a4 Bf5 14.
Be3 Qb6 15. h3 Rfc8 16. g4 Nxf2 17. Bxf2 Bc2 18. Qd2 Qxb3 19. Qf4 e6 20. Bh4 Be4 21. Nd2 Qxb2 22. Nxe4 dxe4 23. Bf6 Qxd4+ 24. Kh1 Rc2 25. Rad1 Qc3 26. Re3 Qc7 27. Qxe4 Rc8 28. Rf3 Bxf6 29. exf6 Qh2# 0-1

[Event "*** SCC Grand Prix: Titled Tuesday Blitz"]
[Site "Chess.com"]
[Date "2020.07.14"]
[Round "9"]
[White "Kopytkin"]
[Black "Carnivoras"]
[Result "0-1"]
[WhiteElo "2459"]
[BlackElo "2614"]
[TimeControl "180+1"]
[EndTime "11:44:37 PDT"]
[Termination "Carnivoras won by checkmate"]

1. e4 e5 2. Nf3 Nc6 3. Bc4 Be7 4. Nc3 Nf6 5. O-O O-O 6. Re1 d6 7. h3 Be6 8. Bb3 Nd4 9. Nxd4 exd4 10. Nb1 c5 11. d3 d5 12. Nd2 b5 13. exd5 Nxd5 14. Nf3 Rc8 15. a4 a6 16. axb5 axb5 17. Ra7 Bf6 18. Rb7 c4 19. Ba2 Qa5 20. Bb1 Qa6 21. dxc4 Qxb7 22. cxd5 Bxd5 23. Ng5 Bxg2 24. c3 Bxg5 25.
Bxg5 Bxh3 26. Qh5 Qg2# 0-1

[Event "*** SCC Grand Prix: Titled Tuesday Blitz"]
[Site "Chess.com"]
[Date "2020.07.14"]
[Round "9"]
[White "Ucitelot"]
[Black "ChronicUnhappiness"]
[Result "1-0"]
[WhiteElo "2514"]
[BlackElo "2366"]
[TimeControl "180+1"]
[EndTime "11:44:39 PDT"]
[Termination "Ucitelot won by resignation"]

1. e4 c5 2. Nf3 Nc6 3. d4 cxd4 4. Nxd4 Nf6 5. Nc3 e5 6. Ndb5 d6 7. Bg5 a6 8. Na3 b5 9. Nd5 Be7 10. Bxf6 Bxf6 11. c3 Bg5 12. Nc2 O-O 13. a4 bxa4 14.
Rxa4 Rb8 15. b4 a5 16. b5 Ne7 17. Nxe7+ Bxe7 18. Ne3 Qb6 19. Nd5 Qd8 20. Nxe7+ Qxe7 21. Rxa5 Bb7 22. Bd3 f5 23. O-O Kh8 24. Ra7 Qc7 25.
exf5 Qb6 26. Qa1 e4 27. Be2 Rxf5 28. Qa5 Qc5 29. Rxb7 Rbf8 30. Qc7 Qe5 31. Rb8 1-0

[Event "*** SCC Grand Prix: Titled Tuesday Blitz"]
[Site "Chess.com"]
[Date "2020.07.14"]
[Round "9"]
[White "jonychess03"]
[Black "Azoulas1"]
[Result "1-0"]
[WhiteElo "2313"]
[BlackElo "2040"]
[TimeControl "180+1"]
[EndTime "11:44:48 PDT"]
[Termination "jonychess03 won by checkmate"]

1. c4 e5 2. Nc3 Nc6 3. g3 Bc5 4.
Bg2 d6 5. e3 a6 6. Nge2 Ba7 7.
O-O h5 8. d4 exd4 9. exd4 h4 10.
Nd5 hxg3 11. hxg3 Bh3 12. Nef4 Bxg2 13. Re1+ Kf8 14. Kxg2 Nf6 15. Be3 Nxd5 16. Nxd5 Qd7 17. Rh1 Rxh1 18. Qxh1 Kg8 19. Qh4 f6 20. Rh1 Re8 21.
Qh7+ Kf7 22. Qh5+ Kg8 23. Qg6 Rf8 24. Rh4 Qf7 25. Qh7# 1-0

[Event "*** SCC Grand Prix: Titled Tuesday Blitz"]
[Site "Chess.com"]
[Date "2020.07.14"]
[Round "9"]
[White "ItsCheckM8Mate"]
[Black "dennisodessa"]
[Result "1-0"]
[WhiteElo "2292"]
[BlackElo "2433"]
[TimeControl "180+1"]
[EndTime "11:44:50 PDT"]
[Termination "ItsCheckM8Mate won by checkmate"]

1. e4 e6 2. d4 d5 3. Nc3 Nc6 4. Nf3 Nf6 5. e5 Ne4 6. a3 f6 7.
exf6 Qxf6 8. Bd3 Nxc3 9. bxc3 Bd6 10. Ng5 g6 11. O-O O-O 12. Qg4 Bf4 13. Nxh7 Kxh7 14.
Bxf4 Qxf4 15. Qxg6+ Kh8 16. Qh7# 1-0

[Event "*** SCC Grand Prix: Titled Tuesday Blitz"]
[Site "Chess.com"]
[Date "2020.07.14"]
[Round "9"]
[White "tdf98pantani"]
[Black "Chigorinetz"]
[Result "1-0"]
[WhiteElo "2684"]
[BlackElo "2522"]
[TimeControl "180+1"]
[EndTime "11:44:54 PDT"]
[Termination "tdf98pantani won by resignation"]

1. d4 d5 2. c4 Nc6 3. cxd5 Qxd5 4. e3 e5 5. Nc3 Bb4 6. a3 Bxc3+ 7. bxc3 Nf6 8. Nf3 O-O 9. Be2 Qa5 10. Bd2 e4 11. Ng1 Qg5 12. Kf1 Be6 13. c4 Rad8 14. h4 Qf5 15. Nh3 Ng4 16. Nf4 Bc8 17. Bc3 Nce5 18. Rh3 h6 19. Rg3 g5 20. hxg5 hxg5 21. Nh3 f6 22.
Kg1 Ng6 23. Bxg4 1-0

[Event "*** SCC Grand Prix: Titled Tuesday Blitz"]
[Site "Chess.com"]
[Date "2020.07.14"]
[Round "9"]
[White "GMJustin"]
[Black "TheNextLevelFan"]
[Result "0-1"]
[WhiteElo "2288"]
[BlackElo "2515"]
[TimeControl "180+1"]
[EndTime "11:44:55 PDT"]
[Termination "TheNextLevelFan won on time"]

1. d4 d5 2. c4 dxc4 3. Nf3 Nf6 4. e3 e6 5. Bxc4 a6 6. O-O c5 7. Nc3 b5 8. Bb3 Bb7 9. Qe2 Nc6 10. Rd1 Qc7 11.
dxc5 Bxc5 12. Bd2 O-O 13. Rac1 Ne5 14. e4 Neg4 15. Be1 Rfd8 16. Rxd8+ Rxd8 17. h3 Ne5 18. Nxe5 Qxe5 0-1